 Dungeon Crawl Stone Soup version 0.31-a0-174-g85c54bcb58 (webtiles) character file.

Game seed: 8822774862361910314

85742 qw the Severer (level 15, -6/96 HPs)
             Began as a Gargoyle Fighter on June 15, 2023.
             Was an Elder of Okawaru.
             Mangled by an ettin simulacrum (30 damage)
             ... on level 15 of the Dungeon.
             The game lasted 00:12:05 (18234 turns).

qw the Severer (Gargoyle Fighter)                  Turns: 18234, Time: 00:12:06

Health: -6/96      AC: 41    Str: 34      XL:     15   Next: 84%
Magic:  17/22      EV: 14    Int: 10      God:    Okawaru [****..]
Gold:   1342       SH: 28    Dex: 20 (21) Spells: 14/14 levels left

rFire   + . .        w - +2 broad axe (heavy)
rCold   . . .        m - +2 tower shield
rNeg    + + .        n - +3 plate armour
rPois   inf          r - +2 helmet
rElec   +            f - +2 cloak
rCorr   .            (no gloves)
SInv    .            D - +1 pair of boots of the Invisible Hand {rF+ Str+2 Dex+4}
Will    +....        o - amulet of regeneration Stlth
                     C - ring of Xeeseu {rN+ Int+2 Dex+4 Slay+4}
HPRegen 1.16/turn    u - +6 ring of strength
MPRegen 0.18/turn

%: clarity
@: about to teleport, heroic, finesse-ful, flying
A: sickness immunity, AC +11, big wings, negative energy resistance 1,
electricity resistance, torment resistance 1, petrification resistance, large
bone plates 1, agile 1, clarity, deterioration 1
a: Renounce Religion, Heroism, Finesse


You were on level 15 of the Dungeon.
You worshipped Okawaru.
Okawaru was greatly pleased with you.
You visited 3 branches of the dungeon, and saw 21 of its levels.

You collected 1422 gold pieces.
You spent 80 gold pieces at shops.


Innate Abilities, Weirdness & Mutations

You are immune to sickness and miasma.
Your stone body is resilient. (AC +11)
You are immune to poison.
Your large and strong wings let you fly.
You resist negative energy. (rN+)
You are resistant to electric shocks. (rElec)
You are resistant to unholy torment.
You are immune to petrification.
You are partially covered in large bone plates. (SH +4)
You are agile. (Dex +4, Str/Int -1)
You possess an exceptional clarity of mind.
Your body sometimes deteriorates upon taking damage.


   Skills:
 - Level 12.2(17.2) Fighting
 - Level 16.0(21.0) Axes
 - Level 6.0(11.0) Throwing
 - Level 10.3(15.3) Armour
 - Level 4.7(9.7) Dodging
 + Level 13.2(18.2) Shields
 - Level 10.2 Invocations


You had 14 spell levels left.
You didn't know any spells.
Your spell library was empty.

Inventory:

Hand Weapons
 t - a +0 hand axe of flaming
 w - a +2 heavy broad axe (weapon)
Missiles
 l - a silver boomerang (quivered)
 z - 10 boomerangs
Armour
 e - the +0 chain mail of the Fife {rC- rCorr Dex+2}
   (You found it on level 4 of the Lair of Beasts)

   Dex:       It affects your dexterity (+2).
   rC:        It makes you vulnerable to cold.
   rCorr:     It protects you from acid and corrosion.
 f - a +2 cloak (worn)
 m - a +2 tower shield (worn)
 n - a +3 plate armour (worn)
 r - a +2 helmet (worn)
 y - +0 acid dragon scales
 D - the +1 pair of boots of the Invisible Hand (worn) {rF+ Str+2 Dex+4}
   (You found it on level 14 of the Dungeon)

   Str:       It affects your strength (+2).
   Dex:       It affects your dexterity (+4).
   rF:        It protects you from fire.
Jewellery
 o - an amulet of regeneration (around neck)
 u - a +6 ring of strength (right hand)
 x - a ring of protection from fire
 A - a ring of resist corrosion
 C - the ring of Xeeseu (left hand) {rN+ Int+2 Dex+4 Slay+4}
   (You took it off a yaktaur on level 13 of the Dungeon)

   [ring of slaying]

   Int:       It affects your intelligence (+2).
   Dex:       It affects your dexterity (+4).
   Slay:      It affects your accuracy & damage with ranged weapons and melee
   (+4).
   rN:        It protects you from negative energy.
Wands
 v - a wand of digging (5)
Scrolls
 a - 5 scrolls of teleportation
 h - 17 scrolls of identify
Potions
 b - 3 potions of attraction
 d - 2 potions of might
 g - 3 potions of haste
 i - 2 potions of cancellation
 j - 8 potions of curing
 k - a potion of magic
 p - 3 potions of mutation
 q - 4 potions of heal wounds
 s - 4 potions of lignification

Dungeon Overview and Level Annotations

Branches:
Dungeon (15/15)            Temple (1/1) D:6            Lair (5/5) D:8
  Swamp (0/4) Lair:3        Snake (0/4) Lair:3        Slime (0/5) Lair:4
    Orc (0/2) D:11         Vaults (0/5) D:14
 Depths: D:15

Altars:
Ashenzari
Cheibriados
Dithmenos
Elyvilon
Fedhas
Gozag
Hepliaklqana
Kikubaaqudgha
Makhleb
Nemelex Xobeh
Okawaru
Qazlal
Ru
Sif Muna
Trog
Uskayaw
Vehumet
Wu Jian
Xom
Yredelemnul
Zin
The Shining One
Jiyva
Lugonu

Shops:
D:2 ?   D:3 !   D:13 :

Portals:
Abyss: Lair:5

Annotations:
D:3 1 runed translucent door, Crazy Yiuf
D:14 2 transporters, qw's ghost, journeyman GrHu


Message History

You kill the ettin!
Okawaru accepts your kill.
You slash the deep troll!
A freezing mist starts to gather...
An ettin simulacrum comes into view.
Your base Shields skill increases to level 13!
You hit the deep troll but do no damage.
The deep troll is moderately wounded.
The death knight's soul is no longer bound.
The death knight offers itself to Yredelemnul, and fills with unholy energy.
You block the deep troll's attack. x2; The deep troll misses you.
You slice the deep troll!!
The deep troll is severely wounded.
You slice the deep troll!!
You kill the deep troll!
Okawaru accepts your kill.
A freezing mist starts to gather...
A deep troll simulacrum comes into view.
You feel your dexterity returning.
You closely miss the death knight. You slice the deep troll simulacrum!!
The death knight barely misses you.
You slash the deep troll simulacrum!
The deep troll simulacrum vaporises!
You slice the death knight like a ripe choko!!!
The death knight reflects your damage back at you!
Your body deteriorates!
You feel clumsy.
You open the death knight like a pillowcase!!!
You kill the death knight!
Okawaru accepts your kill.
You hit the ettin simulacrum.
Your damage is reflected back at you!
18233 ||| READING 6 scrolls of teleportation.
As you read the scroll of teleportation, it crumbles to dust.
You feel strangely unstable.
You block the ettin simulacrum's attack. x2
18234 ||| DRINKING 5 potions of heal wounds.
You feel much better.
You block the ettin simulacrum's attack.
The ettin simulacrum hits you! The ettin simulacrum freezes you!!
You die...

...............
#...............
#....<.(........
#.."............
#...............
#...........?...
#........)......
#.......@Z......
#.......0...####
#.......)...#
#####<..#####
#...# #...#
#...# #...#
#....


You could see an ettin simulacrum.

Vanquished Creatures
  Gastronok (D:12)
  Kirke (Lair:3)
  A very ugly thing (D:13)
  Nessos (D:12)
  An ettin (D:15)
  An entropy weaver (shapeshifter) (Lair:5)
  Josephine (Lair:3)
  6 hydras
  4 vault guards (D:14)
  A centaur warrior (D:15)
  5 boulder beetles
  2 catoblepae
  Erica (D:9)
  A death knight (D:15)
  6 two-headed ogres
  8 death yaks
  3 thrashing horrors (Lair:5)
  A fire crab (Lair:5)
  3 spriggans
  Amaemon (Lair:3)
  3 skeletal warriors (D:12)
  3 skysharks
  A deep troll (D:15)
  2 large abominations (Lair:5)
  A deep elf pyromancer (D:11)
  A necromancer (D:15)
  5 ugly things
  A faun (shapeshifter) (D:14)
  7 cyclopes
  6 manticores
  4 elephants (Lair:3)
  3 black mambas
  10 cane toads
  A gargoyle (D:12)
  A yaktaur (D:13)
  3 unseen horrors
  An orange demon (Lair:3)
  2 efreet
  13 komodo dragons
  2 rime drakes
  2 ancient zymes (Lair:5)
  A komodo dragon (shapeshifter) (Lair:5)
  7 trolls
  2 polar bears
  A meliai (D:13)
  14 blink frogs
  A wolf spider simulacrum (D:15)
  3 hornets
  9 dream sheep
  3 shadows
  13 slime creatures (D:14)
  A spriggan (shapeshifter) (Lair:5)
  44 yaks
  2 ynoxinuls (Lair:5)
  10 small abominations (Lair:5)
  Eustachio (D:4)
  8 humans (D:14)
  5 wraiths
  A vampire (D:13)
  5 wyverns
  6 hogs (Lair:3)
  A yak (shapeshifter) (D:13)
  A chaos spawn (Lair:5)
  2 steam dragons
  4 vampire mosquitoes (D:13)
  8 basilisks
  3 nagas (Lair:3)
  Edmund (D:5)
  2 acid dragons
  17 water moccasins
  2 ice beasts
  12 orc warriors
  A sky beast (D:7)
  A black bear (shapeshifter) (Lair:5)
  3 black bears
  6 wolves
  4 ogres
  5 centaurs
  A phantom (D:6)
  7 kobold brigands
  6 gnoll sergeants
  13 bullfrogs
  A scorpion (D:7)
  7 wights
  A killer bee (D:9)
  An electric eel (D:8)
  5 howler monkeys
  10 hounds
  6 jellies
  A gnoll bouda (D:8)
  4 orc priests
  Terence (D:3)
  8 iguanas
  18 orc wizards
  14 gnolls
  8 adders
  A shadow imp (D:8)
  2 white imps
  A howler monkey simulacrum (D:9)
  3 ufetubi
  A worm (D:2)
  3 dart slugs
  62 orcs
  2 bats (D:3)
  3 endoplasms
  4 giant cockroaches
  7 hobgoblins
  4 jackals (D:2)
  2 quokkas
  4 ball pythons
  6 frilled lizards
  16 goblins
  17 kobolds
  4 rats
585 creatures vanquished.

Vanquished Creatures (others)
  A rime drake (Lair:5)
  An orc (D:7)
2 creatures vanquished.

Grand Total: 587 creatures vanquished

Notes
Turn   | Place    | Note
-------+----------+-------------------------------------------
     0 | D:1      | qw the Gargoyle Fighter began the quest for the Orb.
     0 | D:1      | Reached XP level 1. HP: 14/14 MP: 1/1
     0 | D:1      | 0 ||| qw: Version: 0.2-a-29-g511e9b1
     0 | D:1      | 0 ||| qw: Game counter: 5449
     0 | D:1      | 0 ||| qw: Always use a shield: true
     0 | D:1      | 0 ||| qw: God list: Okawaru
     0 | D:1      | 0 ||| qw: Allow faded altars: false
     0 | D:1      | 0 ||| qw: Do Orc after D:15 true
     0 | D:1      | 0 ||| qw: Do second Lair branch before Depths: true
     0 | D:1      | 0 ||| qw: Lair rune preference: random
     0 | D:1      | 0 ||| qw: Plans: Normal, Zot:1-4, Slime:5, God:TSO, Crypt,
                  | Tomb, Abyss, Pan, Hells, Win
     0 | D:1      | 0 ||| PLANNING D:1-11
    62 | D:1      | 62 ||| Stepping ~*~*~tactically~*~*~ (hiding).
    73 | D:1      | Reached skill level 2 in Axes
   108 | D:1      | Reached XP level 2. HP: 18/19 MP: 2/2
   108 | D:1      | 108 ||| Stepping ~*~*~tactically~*~*~ (stealth).
   219 | D:1      | 219 ||| Stepping ~*~*~tactically~*~*~ (stealth).
   221 | D:1      | 221 ||| Stepping ~*~*~tactically~*~*~ (stealth).
   382 | D:1      | Reached skill level 3 in Axes
   698 | D:1      | 698 ||| UPGRADING to +0 helmet.
   703 | D:1      | 703 ||| READING 2 scrolls labelled KIM WYEGEOD.
   707 | D:1      | 707 ||| READING scroll labelled MINARE RIYWN.
   728 | D:2      | Reached XP level 3. HP: 23/23 MP: 3/3
   755 | D:2      | Found Isavec's Magic Scroll Shop.
   765 | D:2      | 765 ||| BUYING scroll of identify (20 gold).
   765 | D:2      | Bought a scroll of identify for 20 gold pieces
  1345 | D:2      | 1345 ||| UPGRADING to +0 chain mail.
  1355 | D:2      | 1355 ||| DROPPING +0 scale mail.
  1356 | D:2      | 1356 ||| UPGRADING to +1 helmet.
  1366 | D:2      | 1366 ||| DROPPING +0 helmet.
  1367 | D:2      | 1367 ||| DROPPING ring of flight.
  1368 | D:2      | 1368 ||| READING scroll labelled IPURGH KAEX.
  1369 | D:2      | 1369 ||| DRINKING 2 pink potions.
  1370 | D:2      | 1370 ||| DRINKING 2 white potions.
  1474 | D:2      | 1474 ||| DRINKING 2 red potions.
  1474 | D:2      | Gained mutation: Your body sometimes deteriorates upon
                  | taking damage. [potion of mutation]
  1474 | D:2      | Gained mutation: You are partially covered in large bone
                  | plates. (SH +4) [potion of mutation]
  1474 | D:2      | Gained mutation: You are agile. (Dex +4, Str/Int -1)
                  | [potion of mutation]
  1474 | D:2      | Gained mutation: You possess an exceptional clarity of
                  | mind. [potion of mutation]
  1475 | D:2      | 1475 ||| READING 2 scrolls of identify.
  1475 | D:2      | 1475 ||| IDENTIFYING grey potion
  1476 | D:2      | 1476 ||| DROPPING potion of berserk rage.
  1556 | D:3      | 1556 ||| Stepping ~*~*~tactically~*~*~ (stealth).
  1559 | D:3      | 1559 ||| Stepping ~*~*~tactically~*~*~ (hiding).
  1599 | D:3      | Reached XP level 4. HP: 28/28 MP: 4/4
  1658 | D:3      | 1658 ||| Stepping ~*~*~tactically~*~*~ (stealth).
  1663 | D:3      | 1663 ||| Stepping ~*~*~tactically~*~*~ (stealth).
  1675 | D:3      | 1675 ||| DROPPING +0 whip.
  1677 | D:3      | 1677 ||| Stepping ~*~*~tactically~*~*~ (hiding).
  1681 | D:3      | 1681 ||| Stepping ~*~*~tactically~*~*~ (hiding).
  1688 | D:3      | Reached skill level 4 in Axes
  1873 | D:3      | Reached XP level 5. HP: 32/32 MP: 5/5
  1890 | D:3      | 1890 ||| Stepping ~*~*~tactically~*~*~ (stealth).
  1940 | D:3      | 1940 ||| Stepping ~*~*~tactically~*~*~ (stealth).
  1941 | D:3      | 1941 ||| Stepping ~*~*~tactically~*~*~ (stealth).
  1942 | D:3      | 1942 ||| Stepping ~*~*~tactically~*~*~ (stealth).
  1950 | D:3      | Reached skill level 1 in Dodging
  1975 | D:3      | Noticed Terence
  1982 | D:3      | Killed Terence
  1985 | D:3      | 1985 ||| DROPPING +0 flail.
  1999 | D:3      | Found a runed translucent door.
  2000 | D:3      | Noticed Crazy Yiuf
  2029 | D:3      | Found Tyiwnidgh's Distillery.
  2037 | D:3      | 2037 ||| BUYING potion of attraction (30 gold).
  2037 | D:3      | Bought a potion of attraction for 30 gold pieces
  2037 | D:3      | 2037 ||| BUYING potion of curing (30 gold).
  2037 | D:3      | Bought a potion of curing for 30 gold pieces
  2037 | D:3      | 2037 ||| SHOPLISTING potion of haste (100 gold, have 33).
  2037 | D:3      | 2037 ||| SHOPLISTING potion of mutation (80 gold, have 33).
  2037 | D:3      | 2037 ||| SHOPLISTING potion of resistance (100 gold, have
                  | 33).
  3090 | D:4      | Reached skill level 5 in Axes
  3090 | D:4      | Reached XP level 6. HP: 33/37 MP: 6/6
  3136 | D:4      | 3136 ||| Stepping ~*~*~tactically~*~*~ (hiding).
  3259 | D:4      | Noticed Eustachio
  3269 | D:4      | Killed Eustachio
  3270 | D:4      | Reached skill level 6 in Axes
  3270 | D:4      | Reached XP level 7. HP: 39/43 MP: 7/7
  3523 | D:4      | 3523 ||| DROPPING ring of wizardry.
  3524 | D:4      | 3524 ||| READING 3 scrolls labelled ONLAEH VAUHAFI.
  3525 | D:4      | 3525 ||| READING 2 scrolls labelled HOIPNI QOQAWAKH.
  3526 | D:4      | 3526 ||| READING scroll labelled OPNUSE GANADGH.
  3527 | D:4      | 3527 ||| DROPPING 2 scrolls of immolation.
  3528 | D:4      | 3528 ||| DROPPING scroll of amnesia.
  3556 | D:5      | Entered Level 5 of the Dungeon
  3654 | D:5      | 3654 ||| Stepping ~*~*~tactically~*~*~ (stealth).
  3726 | D:5      | You fall into a shaft and drop 3 floors!
  3736 | D:8      | 3736 ||| UPGRADING to +0 cloak.
  3741 | D:8      | 3741 ||| DRINKING 2 green potions.
  3742 | D:8      | 3742 ||| DRINKING 2 blue potions.
  3743 | D:8      | 3743 ||| DRINKING 2 bubbling dark potions.
  3744 | D:8      | 3744 ||| DROPPING potion of degeneration.
  3745 | D:8      | 3745 ||| DROPPING potion of brilliance.
  3803 | D:7      | Reached skill level 7 in Axes
  3855 | D:6      | Reached XP level 8. HP: 38/49 MP: 8/8
  3894 | D:6      | 3894 ||| Stepping ~*~*~tactically~*~*~ (stealth).
  3899 | D:6      | 3899 ||| Stepping ~*~*~tactically~*~*~ (stealth).
  3930 | D:6      | 3930 ||| Stepping ~*~*~tactically~*~*~ (hiding).
  3931 | D:6      | 3931 ||| Stepping ~*~*~tactically~*~*~ (hiding).
  3954 | D:6      | 3954 ||| Stepping ~*~*~tactically~*~*~ (hiding).
  3962 | D:6      | 3962 ||| Stepping ~*~*~tactically~*~*~ (hiding).
  3990 | D:6      | 3990 ||| Stepping ~*~*~tactically~*~*~ (stealth).
  3993 | D:6      | 3993 ||| Stepping ~*~*~tactically~*~*~ (stealth).
  3994 | D:6      | 3994 ||| Stepping ~*~*~tactically~*~*~ (stealth).
  3998 | D:6      | 3998 ||| Stepping ~*~*~tactically~*~*~ (hiding).
  4001 | D:6      | 4001 ||| Stepping ~*~*~tactically~*~*~ (hiding).
  4081 | D:6      | Reached skill level 8 in Axes
  4213 | D:6      | 4213 ||| READING scroll labelled WYDO GUV UDUOQ.
  4214 | D:6      | 4214 ||| DRINKING 2 bubbling amethyst potions.
  4215 | D:6      | 4215 ||| DRINKING 2 potions of curing.
  4215 | D:6      | 4215 ||| (to cure confusion)
  4216 | D:6      | 4216 ||| DRINKING 2 fuming clear potions.
  4217 | D:6      | 4217 ||| READING 3 scrolls of identify.
  4217 | D:6      | 4217 ||| IDENTIFYING viscous blue potion
  4218 | D:6      | 4218 ||| READING 2 scrolls of identify.
  4218 | D:6      | 4218 ||| IDENTIFYING viscous puce potion
  4219 | D:6      | 4219 ||| DROPPING potion of ambrosia.
  4220 | D:6      | 4220 ||| DROPPING potion of enlightenment.
  4340 | D:5      | 4340 ||| Stepping ~*~*~tactically~*~*~ (stealth).
  4352 | D:5      | 4352 ||| Stepping ~*~*~tactically~*~*~ (stealth).
  4405 | D:5      | Noticed Edmund
  4412 | D:5      | Killed Edmund
  4636 | D:5      | Reached skill level 6 in Fighting
  4664 | D:5      | 4664 ||| Stepping ~*~*~tactically~*~*~ (stealth).
  4666 | D:5      | 4666 ||| Stepping ~*~*~tactically~*~*~ (hiding).
  4739 | D:5      | 4739 ||| Stepping ~*~*~tactically~*~*~ (hiding).
  4757 | D:5      | 4757 ||| DROPPING +4 heavy flail.
  4758 | D:5      | 4758 ||| DROPPING +1 flail of holy wrath.
  4785 | D:5      | Reached skill level 1 in Throwing
  4785 | D:5      | Reached XP level 9. HP: 55/55 MP: 9/9
  4911 | D:5      | 4911 ||| UPGRADING to +0 plate armour.
  4921 | D:5      | 4921 ||| DROPPING +0 chain mail.
  4922 | D:5      | 4922 ||| READING scroll labelled ZEYVAM ILUL.
  5166 | D:6      | Found a staircase to the Ecumenical Temple.
  5167 | D:6      | 5167 ||| PLANNING TEMPLE
  5183 | Temple   | Entered the Ecumenical Temple
  5184 | Temple   | 5184 ||| PLANNING OKAWARU WORSHIP
  5191 | Temple   | Became a worshipper of Warmaster Okawaru
  5192 | Temple   | 5192 ||| PLANNING D:1-11
  5245 | D:6      | 5245 ||| READING 3 scrolls of enchant armour.
  5245 | D:6      | 5245 ||| ENCHANTING +1 helmet.
  5246 | D:6      | 5246 ||| READING 2 scrolls of enchant armour.
  5246 | D:6      | 5246 ||| ENCHANTING +0 cloak.
  5247 | D:6      | 5247 ||| READING scroll of enchant armour.
  5247 | D:6      | 5247 ||| ENCHANTING +1 cloak.
  5579 | D:7      | Reached skill level 9 in Axes
  5661 | D:7      | 5661 ||| Stepping ~*~*~tactically~*~*~ (hiding).
  5664 | D:7      | 5664 ||| Stepping ~*~*~tactically~*~*~ (stealth).
  5671 | D:7      | Reached * piety under Okawaru
  5672 | D:7      | 5672 ||| INVOKING Heroism.
  5712 | D:7      | 5712 ||| FLEEEEING.
  5713 | D:7      | 5713 ||| FLEEEEING.
  5714 | D:7      | 5714 ||| FLEEEEING.
  5715 | D:7      | 5715 ||| FLEEEEING.
  5716 | D:7      | 5716 ||| FLEEEEING.
  5717 | D:7      | 5717 ||| FLEEEEING.
  5718 | D:7      | 5718 ||| FLEEEEING.
  5719 | D:7      | 5719 ||| FLEEEEING.
  5720 | D:7      | 5720 ||| FLEEEEING.
  5721 | D:7      | 5721 ||| FLEEEEING.
  5722 | D:7      | 5722 ||| FLEEEEING.
  5723 | D:7      | 5723 ||| FLEEEEING.
  5724 | D:7      | 5724 ||| FLEEEEING.
  5725 | D:7      | 5725 ||| FLEEEEING.
  5726 | D:7      | 5726 ||| FLEEEEING.
  5727 | D:7      | 5727 ||| FLEEEEING.
  5728 | D:7      | 5728 ||| FLEEEEING.
  5729 | D:7      | 5729 ||| FLEEEEING.
  5841 | D:7      | Reached skill level 6 in Armour
  5867 | D:7      | Reached skill level 1 in Invocations
  5890 | D:7      | 5890 ||| UPGRADING to +0 kite shield.
  5901 | D:7      | 5901 ||| UPGRADING to +0 kite shield.
  5911 | D:7      | 5911 ||| DROPPING +0 buckler.
  5920 | D:7      | 5920 ||| Stepping ~*~*~tactically~*~*~ (hiding).
  5993 | D:7      | 5993 ||| Stepping ~*~*~tactically~*~*~ (hiding).
  6099 | D:7      | 6099 ||| UPGRADING to +0 broad axe.
  6100 | D:7      | 6100 ||| DROPPING +0 heavy war axe.
  6110 | D:7      | Found a white marble altar of Elyvilon.
  6194 | D:7      | 6194 ||| UPGRADING to amulet of regeneration.
  6199 | D:7      | 6199 ||| UPGRADING to +4 ring of protection.
  6284 | D:8      | Noticed a troll
  6285 | D:8      | 6285 ||| INVOKING Heroism.
  6291 | D:8      | Reached skill level 3 in Invocations
  6294 | D:8      | Killed a troll
  6320 | D:8      | 6320 ||| INVOKING Heroism.
  6321 | D:8      | Found a staircase to the Lair.
  6325 | D:8      | Noticed a komodo dragon
  6326 | D:8      | 6326 ||| Stepping ~*~*~tactically~*~*~ (water).
  6333 | D:8      | Reached skill level 6 in Shields
  6334 | D:8      | Killed a komodo dragon
  6334 | D:8      | Reached ** piety under Okawaru
  6335 | D:8      | Reached XP level 10. HP: 61/61 MP: 13/13
  6455 | D:8      | 6455 ||| INVOKING Heroism.
  6472 | D:8      | 6472 ||| INVOKING Heroism.
  6502 | D:8      | 6502 ||| Stepping ~*~*~tactically~*~*~ (hiding).
  6518 | D:8      | 6518 ||| Stepping ~*~*~tactically~*~*~ (hiding).
  6678 | D:8      | 6678 ||| INVOKING Heroism.
  6679 | D:8      | 6679 ||| Stepping ~*~*~tactically~*~*~ (hiding).
  6680 | D:8      | 6680 ||| Stepping ~*~*~tactically~*~*~ (hiding).
  6681 | D:8      | 6681 ||| Stepping ~*~*~tactically~*~*~ (hiding).
  6682 | D:8      | 6682 ||| Stepping ~*~*~tactically~*~*~ (hiding).
  6706 | D:8      | 6706 ||| Stepping ~*~*~tactically~*~*~ (stealth).
  6709 | D:8      | 6709 ||| Stepping ~*~*~tactically~*~*~ (stealth).
  6710 | D:8      | 6710 ||| Stepping ~*~*~tactically~*~*~ (stealth).
  6743 | D:8      | Found a blossoming altar of Fedhas.
  6745 | D:8      | 6745 ||| INVOKING Heroism.
  6770 | D:8      | 6770 ||| Stepping ~*~*~tactically~*~*~ (stealth).
  6772 | D:8      | 6772 ||| Stepping ~*~*~tactically~*~*~ (hiding).
  6867 | D:8      | 6867 ||| Stepping ~*~*~tactically~*~*~ (hiding).
  7020 | D:8      | 7020 ||| Stepping ~*~*~tactically~*~*~ (stealth).
  7052 | D:8      | 7052 ||| Stepping ~*~*~tactically~*~*~ (stealth).
  7092 | D:8      | 7092 ||| Stepping ~*~*~tactically~*~*~ (stealth).
  7093 | D:8      | 7093 ||| Stepping ~*~*~tactically~*~*~ (stealth).
  7094 | D:8      | 7094 ||| Stepping ~*~*~tactically~*~*~ (stealth).
  7107 | D:8      | 7107 ||| Stepping ~*~*~tactically~*~*~ (stealth).
  7417 | D:8      | 7417 ||| PLANNING LAIR
  7417 | D:8      | 7417 ||| READING scroll labelled YWNAPO KYDEJAU.
  7530 | D:8      | 7530 ||| Stepping ~*~*~tactically~*~*~ (stealth).
  7532 | D:8      | 7532 ||| Stepping ~*~*~tactically~*~*~ (hiding).
  7552 | Lair:1   | Entered Level 1 of the Lair of Beasts
  7554 | Lair:1   | 7554 ||| INVOKING Heroism.
  7558 | Lair:1   | 7558 ||| Stepping ~*~*~tactically~*~*~ (water).
  7570 | Lair:1   | Reached skill level 9 in Shields
  7576 | Lair:1   | 7576 ||| INVOKING Heroism.
  7621 | Lair:1   | Reached *** piety under Okawaru
  7628 | Lair:1   | 7628 ||| INVOKING Heroism.
  7634 | Lair:1   | Reached skill level 10 in Axes
  7687 | Lair:1   | 7687 ||| Stepping ~*~*~tactically~*~*~ (stealth).
  7689 | Lair:1   | 7689 ||| Stepping ~*~*~tactically~*~*~ (stealth).
  7694 | Lair:1   | Noticed a death yak
  7695 | Lair:1   | 7695 ||| INVOKING Heroism.
  7695 | Lair:1   | Noticed a death yak
  7697 | Lair:1   | Noticed a death yak
  7698 | Lair:1   | Reached XP level 11. HP: 56/68 MP: 11/14
  7701 | Lair:1   | Noticed a death yak
  7708 | Lair:1   | Killed a death yak
  7717 | Lair:1   | HP: 15/68 [death yak (14)]
  7718 | Lair:1   | 7718 ||| READING 3 scrolls of teleportation.
  7719 | Lair:1   | 7719 ||| DRINKING 3 potions of heal wounds.
  7720 | Lair:1   | Killed a death yak
  7721 | Lair:1   | Killed a death yak
  7721 | Lair:1   | Reached **** piety under Okawaru
  7721 | Lair:1   | Killed a death yak
  7722 | Lair:1   | Reached skill level 11 in Axes
  7725 | Lair:1   | 7725 ||| INVOKING Heroism.
  7880 | Lair:1   | Received a gift from Okawaru
  7922 | Lair:1   | 7922 ||| INVOKING Heroism.
  8135 | Lair:1   | 8135 ||| INVOKING Heroism.
  8460 | Lair:1   | 8460 ||| READING scroll labelled USOJ WOIPE.
  8461 | Lair:1   | 8461 ||| READING scroll labelled UNWIOFICUS.
  8462 | Lair:1   | 8462 ||| READING scroll labelled ZATANO DI HIN.
  8501 | Lair:2   | 8501 ||| INVOKING Heroism.
  8577 | Lair:2   | 8577 ||| INVOKING Heroism.
  8617 | Lair:2   | 8617 ||| Stepping ~*~*~tactically~*~*~ (hiding).
  8630 | Lair:2   | Reached skill level 6 in Invocations
  8909 | Lair:2   | Noticed a skyshark
  8925 | Lair:2   | Killed a skyshark
  8925 | Lair:2   | Reached ***** piety under Okawaru
  8988 | Lair:2   | 8988 ||| DROPPING +4 chain mail.
  8989 | Lair:2   | 8989 ||| UPGRADING to +6 ring of strength.
  9000 | Lair:3   | 9000 ||| INVOKING Heroism.
  9010 | Lair:3   | Reached skill level 9 in Fighting
  9010 | Lair:3   | Reached XP level 12. HP: 76/76 MP: 15/17
  9054 | Lair:3   | Noticed Kirke
  9055 | Lair:3   | 9055 ||| INVOKING Heroism.
  9062 | Lair:3   | 9062 ||| INVOKING Finesse.
  9063 | Lair:3   | 9063 ||| INVOKING Finesse.
  9064 | Lair:3   | Noticed Josephine
  9076 | Lair:3   | Noticed a sphinx
  9083 | Lair:3   | Killed Kirke
  9085 | Lair:3   | Killed Josephine
  9090 | Lair:3   | 9090 ||| INVOKING Heroism.
  9106 | Lair:3   | 9106 ||| Stepping ~*~*~tactically~*~*~ (stealth).
  9222 | Lair:3   | 9222 ||| INVOKING Heroism.
  9235 | Lair:3   | 9235 ||| INVOKING Heroism.
  9248 | Lair:3   | Noticed an eight-headed hydra
  9249 | Lair:3   | 9249 ||| Stepping ~*~*~tactically~*~*~ (stealth).
  9250 | Lair:3   | 9250 ||| Stepping ~*~*~tactically~*~*~ (stealth).
  9252 | Lair:3   | 9252 ||| INVOKING Heroism.
  9257 | Lair:3   | 9257 ||| SWAPPING to +0 hand axe of flaming.
  9261 | Lair:3   | Killed a four-headed hydra
  9262 | Lair:3   | Reached skill level 9 in Invocations
  9262 | Lair:3   | 9262 ||| UPGRADING to +0 broad axe.
  9272 | Lair:3   | You fall into a shaft and drop 2 floors!
  9272 | Lair:5   | Entered Level 5 of the Lair of Beasts
  9291 | Lair:5   | Received a gift from Okawaru
  9416 | Lair:5   | 9416 ||| INVOKING Heroism.
  9440 | Lair:5   | Noticed a catoblepas
  9441 | Lair:5   | 9441 ||| INVOKING Finesse.
  9453 | Lair:5   | Killed a catoblepas
  9495 | Lair:4   | 9495 ||| Stepping ~*~*~tactically~*~*~ (stealth).
  9534 | Lair:4   | 9534 ||| INVOKING Heroism.
  9536 | Lair:4   | Reached skill level 12 in Axes
  9560 | Lair:4   | Reached skill level 3 in Dodging
  9576 | Lair:4   | Reached XP level 13. HP: 35/80 MP: 20/20
  9748 | Lair:4   | 9748 ||| UPGRADING to +2 kite shield.
  9758 | Lair:4   | 9758 ||| DROPPING +0 kite shield.
  9768 | Lair:3   | 9768 ||| INVOKING Heroism.
  9789 | Lair:3   | 9789 ||| Stepping ~*~*~tactically~*~*~ (stealth).
  9792 | Lair:3   | Noticed Amaemon
  9808 | Lair:3   | 9808 ||| INVOKING Heroism.
  9812 | Lair:3   | Killed Amaemon
  9812 | Lair:3   | Received a gift from Okawaru
  9974 | Lair:3   | Found a staircase to the Swamp.
  9984 | Lair:3   | 9984 ||| INVOKING Heroism.
 10052 | Lair:3   | 10052 ||| Stepping ~*~*~tactically~*~*~ (hiding).
 10061 | Lair:3   | 10061 ||| Stepping ~*~*~tactically~*~*~ (hiding).
 10067 | Lair:3   | Found a staircase to the Snake Pit.
 10124 | Lair:3   | 10124 ||| INVOKING Heroism.
 10125 | Lair:3   | 10125 ||| INVOKING Finesse.
 10134 | Lair:3   | 10134 ||| SWAPPING to +0 hand axe of flaming.
 10140 | Lair:3   | 10140 ||| UPGRADING to +0 broad axe.
 10224 | Lair:3   | 10224 ||| INVOKING Heroism.
 10225 | Lair:3   | 10225 ||| INVOKING Finesse.
 10253 | Lair:3   | Received a gift from Okawaru
 10254 | Lair:3   | Reached skill level 13 in Axes
 10353 | Lair:3   | 10353 ||| INVOKING Heroism.
 10358 | Lair:3   | 10358 ||| SWAPPING to +0 hand axe of flaming.
 10382 | Lair:3   | 10382 ||| UPGRADING to +0 broad axe.
 10408 | Lair:3   | Reached skill level 9 in Armour
 10437 | Lair:3   | 10437 ||| INVOKING Heroism.
 10684 | Lair:4   | Found a viscous altar of Jiyva.
 10697 | Lair:4   | Found a staircase to the Slime Pits.
 10776 | Lair:4   | 10776 ||| INVOKING Heroism.
 10777 | Lair:4   | 10777 ||| INVOKING Finesse.
 11011 | Lair:4   | 11011 ||| INVOKING Heroism.
 11026 | Lair:4   | Identified the +0 chain mail of the Fife {rC- rCorr Dex+2}
 11159 | Lair:4   | 11159 ||| DROPPING +6 ring of dexterity.
 11223 | Lair:5   | 11223 ||| INVOKING Heroism.
 11230 | Lair:5   | Reached skill level 3 in Throwing
 11252 | Lair:5   | 11252 ||| Stepping ~*~*~tactically~*~*~ (hiding).
 11257 | Lair:5   | 11257 ||| INVOKING Heroism.
 11298 | Lair:5   | 11298 ||| Stepping ~*~*~tactically~*~*~ (hiding).
 11299 | Lair:5   | 11299 ||| Stepping ~*~*~tactically~*~*~ (hiding).
 11312 | Lair:5   | 11312 ||| INVOKING Heroism.
 11374 | Lair:5   | 11374 ||| INVOKING Heroism.
 11439 | Lair:5   | 11439 ||| INVOKING Heroism.
 11446 | Lair:5   | Reached skill level 14 in Axes
 11446 | Lair:5   | Gained mutation: Your large and strong wings let you fly.
                  | [Gargoyle growth]
 11446 | Lair:5   | Reached XP level 14. HP: 88/88 MP: 19/21
 11494 | Lair:5   | 11494 ||| INVOKING Finesse.
 11556 | Lair:5   | 11556 ||| INVOKING Heroism.
 11597 | Lair:5   | Received a gift from Okawaru
 11619 | Lair:5   | Found a corrupted altar of Lugonu.
 11619 | Lair:5   | Found a one-way gate to the infinite horrors of the Abyss.
 11673 | Lair:5   | 11673 ||| Stepping ~*~*~tactically~*~*~ (stealth).
 11698 | Lair:5   | Found the +5 demon whip "Spellbinder" {antimagic, disrupt,
                  | Will+}
 11876 | Lair:5   | 11876 ||| INVOKING Heroism.
 11877 | Lair:5   | 11877 ||| INVOKING Finesse.
 11882 | Lair:5   | 11882 ||| SWAPPING to +0 hand axe of flaming.
 11922 | Lair:5   | 11922 ||| UPGRADING to +0 broad axe.
 11978 | Lair:5   | Received a gift from Okawaru
 12040 | Lair:5   | 12040 ||| Stepping ~*~*~tactically~*~*~ (cloud).
 12046 | Lair:5   | 12046 ||| Stepping ~*~*~tactically~*~*~ (cloud).
 12058 | Lair:5   | Received a gift from Okawaru
 12410 | Lair:5   | 12410 ||| PLANNING D:1-11
 12578 | D:9      | 12578 ||| Stepping ~*~*~tactically~*~*~ (stealth).
 12582 | D:9      | Reached skill level 12 in Shields
 12661 | D:9      | Noticed Erica
 12687 | D:9      | Killed Erica
 12882 | D:9      | Found a shimmering blue altar of Sif Muna.
 12892 | D:9      | 12892 ||| Stepping ~*~*~tactically~*~*~ (hiding).
 12955 | D:9      | Identified the +0 robe of the Eleven Spirits {rCorr}
 12981 | D:9      | 12981 ||| READING scroll of enchant armour.
 12981 | D:9      | 12981 ||| ENCHANTING +0 plate armour.
 13176 | D:9      | 13176 ||| DROPPING +3 war axe.
 13262 | D:10     | Entered Level 10 of the Dungeon
 13265 | D:10     | 13265 ||| Stepping ~*~*~tactically~*~*~ (hiding).
 13266 | D:10     | 13266 ||| Stepping ~*~*~tactically~*~*~ (hiding).
 13557 | D:10     | 13557 ||| Stepping ~*~*~tactically~*~*~ (stealth).
 13607 | D:10     | 13607 ||| Stepping ~*~*~tactically~*~*~ (stealth).
 13808 | D:10     | Found a basalt altar of Yredelemnul.
 13810 | D:10     | Noticed a profane servitor
 13820 | D:10     | Found a glowing golden altar of the Shining One.
 13822 | D:10     | Noticed an angel
 14154 | D:11     | 14154 ||| INVOKING Heroism.
 14155 | D:11     | 14155 ||| INVOKING Finesse.
 14242 | D:11     | 14242 ||| Stepping ~*~*~tactically~*~*~ (stealth).
 14268 | D:11     | 14268 ||| INVOKING Heroism.
 14334 | D:11     | 14334 ||| READING scroll of enchant armour.
 14334 | D:11     | 14334 ||| ENCHANTING +1 plate armour.
 14643 | D:11     | 14643 ||| Stepping ~*~*~tactically~*~*~ (stealth).
 14645 | D:11     | 14645 ||| Stepping ~*~*~tactically~*~*~ (stealth).
 14752 | D:11     | Found a staircase to the Orcish Mines.
 14759 | D:11     | Reached skill level 6 in Throwing
 14769 | D:11     | Received a gift from Okawaru
 14781 | D:11     | 14781 ||| INVOKING Heroism.
 15173 | D:11     | 15173 ||| PLANNING D
 15173 | D:11     | 15173 ||| READING 2 scrolls labelled CEYHAPNOSU.
 15174 | D:11     | 15174 ||| DROPPING scroll of blinking.
 15274 | D:12     | 15274 ||| Stepping ~*~*~tactically~*~*~ (hiding).
 15278 | D:12     | 15278 ||| INVOKING Heroism.
 15286 | D:12     | 15286 ||| Stepping ~*~*~tactically~*~*~ (stealth).
 15291 | D:12     | 15291 ||| Stepping ~*~*~tactically~*~*~ (stealth).
 15319 | D:12     | 15319 ||| INVOKING Heroism.
 15324 | D:12     | Reached skill level 15 in Axes
 15440 | D:12     | 15440 ||| Stepping ~*~*~tactically~*~*~ (hiding).
 15506 | D:12     | Reached XP level 15. HP: 87/95 MP: 22/22
 15541 | D:12     | 15541 ||| READING scroll of enchant armour.
 15541 | D:12     | 15541 ||| ENCHANTING +2 plate armour.
 15751 | D:12     | Noticed Nessos
 15752 | D:12     | 15752 ||| INVOKING Finesse.
 15776 | D:12     | Killed Nessos
 15859 | D:12     | Noticed Gastronok
 15873 | D:12     | Killed Gastronok
 15873 | D:12     | Received a gift from Okawaru
 15874 | D:12     | Reached skill level 12 in Fighting
 15969 | D:13     | Found Ohishrutau's Book Shop.
 15995 | D:13     | 15995 ||| Stepping ~*~*~tactically~*~*~ (hiding).
 16090 | D:13     | 16090 ||| Stepping ~*~*~tactically~*~*~ (hiding).
 16152 | D:13     | 16152 ||| INVOKING Heroism.
 16158 | D:13     | 16158 ||| INVOKING Finesse.
 16164 | D:13     | 16164 ||| SWAPPING to +0 hand axe of flaming.
 16249 | D:13     | 16249 ||| UPGRADING to +0 broad axe.
 16252 | D:13     | 16252 ||| Stepping ~*~*~tactically~*~*~ (stealth).
 16284 | D:13     | 16284 ||| FLEEEEING.
 16285 | D:13     | 16285 ||| Stepping ~*~*~tactically~*~*~ (hiding).
 16314 | D:13     | 16314 ||| UPGRADING to +2 heavy broad axe.
 16315 | D:13     | 16315 ||| DROPPING +0 broad axe.
 16361 | D:13     | 16361 ||| INVOKING Heroism.
 16372 | D:13     | 16372 ||| Stepping ~*~*~tactically~*~*~ (stealth).
 16440 | D:13     | Identified the +0 robe of Goneeps {Will++ Int+4 Dex-5}
                  | (Okawaru gifted it to you on level 13 of the Dungeon)
 16440 | D:13     | Received a gift from Okawaru
 16504 | D:13     | Identified the ring of Xeeseu {rN+ Int+2 Dex+4 Slay+4}
 16619 | D:13     | 16619 ||| Stepping ~*~*~tactically~*~*~ (stealth).
 16620 | D:13     | 16620 ||| Stepping ~*~*~tactically~*~*~ (stealth).
 16624 | D:13     | 16624 ||| Stepping ~*~*~tactically~*~*~ (stealth).
 16626 | D:13     | 16626 ||| Stepping ~*~*~tactically~*~*~ (hiding).
 16786 | D:13     | 16786 ||| Stepping ~*~*~tactically~*~*~ (hiding).
 17080 | D:13     | 17080 ||| FLEEEEING.
 17179 | D:13     | 17179 ||| FLEEEEING.
 17180 | D:13     | 17180 ||| FLEEEEING.
 17181 | D:13     | 17181 ||| FLEEEEING.
 17182 | D:13     | 17182 ||| FLEEEEING.
 17445 | D:13     | 17445 ||| UPGRADING to ring of Xeeseu {rN+ Int+2 Dex+4
                  | Slay+4}.
 17447 | D:13     | 17447 ||| DROPPING +4 ring of protection.
 17556 | D:14     | 17556 ||| Stepping ~*~*~tactically~*~*~ (stealth).
 17586 | D:14     | 17586 ||| INVOKING Heroism.
 17589 | D:14     | Reached skill level 16 in Axes
 17617 | D:14     | Found a gate to the Vaults.
 17794 | D:14     | Found a transporter.
 17805 | D:14     | 17805 ||| Stepping ~*~*~tactically~*~*~ (hiding).
 17806 | D:14     | 17806 ||| Stepping ~*~*~tactically~*~*~ (hiding).
 17814 | D:14     | Noticed qw's ghost (journeyman GrHu)
 17930 | D:14     | Found a transporter.
 17940 | D:14     | 17940 ||| Stepping ~*~*~tactically~*~*~ (stealth).
 17941 | D:14     | 17941 ||| INVOKING Heroism.
 17998 | D:14     | 17998 ||| Stepping ~*~*~tactically~*~*~ (stealth).
 18000 | D:14     | 18000 ||| Stepping ~*~*~tactically~*~*~ (stealth).
 18002 | D:14     | 18002 ||| Stepping ~*~*~tactically~*~*~ (stealth).
 18003 | D:14     | 18003 ||| Stepping ~*~*~tactically~*~*~ (stealth).
 18007 | D:14     | 18007 ||| Stepping ~*~*~tactically~*~*~ (stealth).
 18008 | D:14     | 18008 ||| Stepping ~*~*~tactically~*~*~ (stealth).
 18086 | D:14     | Identified the +1 pair of boots of the Invisible Hand {rF+
                  | Str+2 Dex+4}
 18170 | D:14     | 18170 ||| UPGRADING to +2 tower shield.
 18180 | D:14     | 18180 ||| DROPPING +2 kite shield.
 18181 | D:14     | 18181 ||| UPGRADING to +1 pair of boots of the Invisible
                  | Hand {rF+ Str+2 Dex+4}.
 18198 | D:15     | Entered Level 15 of the Dungeon
 18214 | D:15     | 18214 ||| INVOKING Heroism.
 18218 | D:15     | 18218 ||| INVOKING Finesse.
 18232 | D:15     | HP: 17/96 [mirror damage (17)]
 18233 | D:15     | 18233 ||| READING 6 scrolls of teleportation.
 18234 | D:15     | 18234 ||| DRINKING 5 potions of heal wounds.
 18234 | D:15     | Mangled by an ettin simulacrum

Levels and vault maps discovered:
D:1:      tekkud_arrival_beachfront_property, layout_loops_cross
D:2:      layout_rooms, serial_shops, shop, serial_forest,
          infiniplex_forest_corner_1, infiniplex_forest_clump_medium,
          infiniplex_forest_end_2, infiniplex_forest_straight_5,
          infiniplex_forest_end_3, kennysheep_small_spiral
D:3:      layout_rooms, serial_shops, shop, grunt_ministairs_4,
          uniq_crazy_yiuf_cottage, uniq_terence
D:4:      layout_basic, uniq_eustachio
D:5:      kb_forest_paths, layout_loops_ring, nicolae_elevator_lobby_plus,
          uniq_edmund
D:6:      layout_loops_ring, minmay_temple_entry_tees, minmay_ogre_servants
D:7:      layout_rooms, mainiacjoe_overflow_alcove_4, grunt_decor_clamped
D:8:      layout_basic, nicolae_overflow_crystal_walls, erik_lair_island,
          special_room [special_room_orc]
D:9:      layout_basic, kennysheep_orc_sif_temple, minivault_25_ag,
          minmay_diced_spiral, uniq_erica
D:10:     layout_basic, grunt_temple_overflow_holy_war, minivault_22
D:11:     layout_loops_corners, kennysheep_orc_monster_closet_entryway
D:12:     layout_roguey, uniq_nessos, uniq_gastronok
D:13:     minmay_the_grid_octo_2x2 [minmay_the_grid_octo_clover_2,
          minmay_the_grid_octo_tetromino_candy,
          minmay_the_grid_octo_fat_diamond,
          minmay_the_grid_octo_prize_ultimate_mussel_roller], layout_layer_cave,
          serial_shops, shop
D:14:     layout_cave_pools, ximxim_vaults_locker_room, nrook_uturn,
          gammafunk_ghost_stat_death
D:15:     hangedman_depths_entry_civil_slaughter, layout_small_grid,
          serial_park_fountain, portal_ice_cave_entry_ice_statue_one,
          minmay_fractal_squares_diagonal_5
Temple:   sentei_temple_godly_chess
Lair:1:   layout_regular_city, grunt_megastairs_2, infiniplex_staircase_pool_2,
          lemuel_fruit_fields
Lair:2:   layout_cave_shapes
Lair:3:   layout_chaotic_city, minmay_swamp_entry_reptiles,
          nicolae_snake_entry_squirm, grunt_forest_large_clearings,
          uniq_amaemon, uniq_kirke, uniq_josephine
Lair:4:   layout_big_grid, nicolae_slime_entry_field_trip
Lair:5:   hellmonk_lair_end_abyssal_woods, layout_cave_pods

Skill      XL: |  1  2  3  4  5  6  7  8  9 10 11 12 13 14 15 |
---------------+----------------------------------------------+-----
Axes           | 2 3 4 5 6 7 8 9 10 11 12 14 15 16 | 16.0
Dodging        | 1 2 3 4 |  4.7
Fighting       | 4 5 6 7 9 10 11 12 | 12.2
Armour         | 4 6 7 8 9 10 | 10.3
Throwing       | 1 2 4 6 |  6.0
Shields        | 7 9 10 11 12 13 | 13.2
Invocations    | 4 7 10 | 10.2

Action                     |  1- 3 |  4- 6 |  7- 9 | 10-12 | 13-15 || total
---------------------------+-------+-------+-------+-------+-------++-------
  Melee: War axe           |    94 |    73 |   187 |       |       ||   354
         Broad axe         |       |       |    46 |   456 |  1030 ||  1532
         Hand axe          |       |       |       |     4 |   111 ||   115
  Throw: Boomerang         |       |       |    20 |   129 |    95 ||   244
         Javelin           |       |       |       |     3 |    93 ||    96
 Invoke: Heroism           |       |       |     3 |    21 |    26 ||    50
         Finesse           |       |       |       |     2 |     9 ||    11
    Use: Scroll            |     4 |       |    10 |     5 |     5 ||    24
         Potion            |     3 |       |     6 |     1 |     1 ||    11
 Armour: Scale mail        |    37 |       |       |       |       ||    37
         Chain mail        |     7 |    73 |    65 |       |       ||   145
         Plate armour      |       |       |   110 |   231 |   464 ||   805
  Dodge: Dodged            |    53 |    37 |    80 |   111 |   226 ||   507
  Block: Buckler           |    17 |    42 |   100 |       |       ||   159
         Kite shield       |       |       |    72 |   358 |   936 ||  1366
         Tower shield      |       |       |       |       |    25 ||    25

Table legend:
 A = Non-vault XP
 B = Vault XP
 C = Vault XP percentage of total XP
 D = Non-vault monster count
 E = Vault monster count
 F = Vault count percentage of total count
                 A         B        C        D         E       F
            +---------+---------+-------+---------+---------+-------
      Total |   75881 |   46608 |  38.1 |     392 |     194 |  33.1
            +---------+---------+-------+---------+---------+-------
        D:1 |      32 |       0 |   0.0 |      17 |       0 |   0.0
        D:2 |      29 |       0 |   0.0 |      14 |       0 |   0.0
        D:3 |     153 |      39 |  20.3 |      24 |       3 |  11.1
        D:4 |     276 |     211 |  43.3 |      14 |       1 |   6.7
        D:5 |     488 |     426 |  46.6 |      23 |       7 |  23.3
        D:6 |     709 |     131 |  15.6 |      17 |       9 |  34.6
        D:7 |    1284 |       0 |   0.0 |      24 |       0 |   0.0
        D:8 |    1320 |    1154 |  46.6 |      31 |      31 |  50.0
        D:9 |    2322 |    2995 |  56.3 |      18 |      16 |  47.1
       D:10 |    1697 |       0 |   0.0 |      13 |       0 |   0.0
       D:11 |    4840 |    1922 |  28.4 |      17 |      20 |  54.1
       D:12 |    7039 |    2595 |  26.9 |      19 |       2 |   9.5
       D:13 |    6189 |    7793 |  55.7 |      14 |      16 |  53.3
       D:14 |    8028 |    5003 |  38.4 |      23 |      12 |  34.3
       D:15 |    1199 |    3353 |  73.7 |       2 |       5 |  71.4
     Lair:1 |    6584 |    2101 |  24.2 |      21 |       9 |  30.0
     Lair:2 |    3190 |       0 |   0.0 |      12 |       0 |   0.0
     Lair:3 |   13061 |    7167 |  35.4 |      28 |      22 |  44.0
     Lair:4 |    7743 |     163 |   2.1 |      33 |       4 |  10.8
     Lair:5 |    9698 |   11555 |  54.4 |      28 |      37 |  56.9
            +---------+---------+-------+---------+---------+-------
